 Dungeon Crawl Stone Soup version 0.31-a0-38-g1548c4f2a5 (webtiles) character file.

Game seed: 1371656592675841207

485 ders the Digger (level 7, -8/36 HPs)
             Began as a Gargoyle Earth Elementalist on May 16, 2023.
             Mangled by a gnoll
             ... wielding a +0 halberd
              (13 damage)
             ... on level 3 of the Dungeon.
             The game lasted 00:04:36 (3171 turns).

ders the Digger (Gargoyle Earth Elementalist)       Turns: 3171, Time: 00:04:36

Health: -8/36      AC:  8    Str: 12    XL:     7   Next: 13%
Magic:  8/14       EV: 11    Int: 17    God:
Gold:   210        SH:  0    Dex: 10    Spells: 12/16 levels left

rFire   . . .        d - +1 dagger (flame)
rCold   . . .        (no shield)
rNeg    + . .        a - +0 robe
rPois   ∞            (no helmet)
rElec   +            (no cloak)
rCorr   .            (no gloves)
SInv    .            o - +1 pair of boots
Will    .....        p - amulet of regeneration
Stlth   ++           (no ring)
HPRegen 1.06/turn    (no ring)
MPRegen 0.14/turn

%: no passive effects
@: no status effects
A: sickness immunity, AC +4, negative energy resistance 1, electricity
resistance, torment resistance 1, petrification resistance
a: no special abilities


You were on level 3 of the Dungeon.
You visited 1 branch of the dungeon, and saw 3 of its levels.

You collected 210 gold pieces.

Inventory:

Hand Weapons
 d - a +1 dagger of flaming (weapon)
Armour
 a - a +0 robe (worn)
 o - a +1 pair of boots (worn)
Jewellery
 p - an amulet of regeneration (around neck)
Scrolls
 b - a scroll of teleportation
 c - 3 scrolls of identify {unknown}
 f - a scroll of enchant weapon
 k - a scroll of fear {unknown}
 n - a scroll of torment {unknown}
Potions
 e - 2 potions of heal wounds {unknown}
 h - a potion of degeneration {unknown}
 i - a potion of attraction {unknown}
 l - a potion of haste {unknown}
 m - a potion of mutation {unknown}
 q - a potion of curing {unknown}


   Skills:
 - Level 1.5 Dodging
 - Level 2.1 Stealth
 + Level 5.0 Spellcasting
 - Level 0.7 Transmutations
 + Level 7.1 Earth Magic


You had 12 spell levels left.
You knew the following spells:

 Your Spells              Type           Power      Damage    Failure   Level
a - Sandblast             Erth           56%        2d13      1%          1
b - Stone Arrow           Conj/Erth      32%        3d9       10%         3

Your spell library contained the following spells:

 Spells                   Type           Power      Damage    Failure   Level
 Passwall                 Tmut/Erth      14%        N/A       4%          2
 Petrify                  Tmut/Erth      17%        N/A       28%         4
 Ignite Poison            Fire/Tmut/Pois 5%         N/A       36%         3
 Freezing Cloud           Conj/Ice/Air   2%         6-21      98%         5
 Cigotuvi's Dreadful Rot  Necr/Pois/Air  Unusable   N/A       N/A         2

Dungeon Overview and Level Annotations

Branches:
Dungeon (3/15)

Altars:


Innate Abilities, Weirdness & Mutations

You are immune to sickness and miasma.
Your stone body is resilient. (AC +4)
You are immune to poison.
You resist negative energy. (rN+)
You are resistant to electric shocks. (rElec)
You are resistant to unholy torment.
You are immune to petrification.


Message History

The gnoll hits you from afar with a +0 spear.
The gnoll hits you but does no damage.
Unknown command.
Casting: Sandblast (safe; 1% risk of failure)
Confirm with . or Enter, or press ? or * to list all spells.
Aiming: Sandblast (safe; 1% risk of failure)
Press: ? - help, Shift-Dir - straight line, f/p - hobgoblin
Aim: a hobgoblin (moderately wounded, 83% to hit)
The blast of sand hits the hobgoblin!
You kill the hobgoblin!
The gnoll hits you but does no damage. The gnoll barely misses you. x2
Unknown command.
Casting: Sandblast (safe; 1% risk of failure)
Confirm with . or Enter, or press ? or * to list all spells.
Aiming: Sandblast (safe; 1% risk of failure)
Press: ? - help, Shift-Dir - straight line, f - gnoll
Aim: a gnoll, wielding a +0 spear (85% to hit)
The blast of sand hits the gnoll.
The gnoll is moderately wounded.
The gnoll hits you from afar with a +0 spear.
The gnoll hits you but does no damage.
The gnoll hits you from afar with a +0 halberd!
* * * LOW HITPOINT WARNING * * *
The gnoll hits you but does no damage.
The gnoll hits you from afar with a +0 spear.
* * * LOW HITPOINT WARNING * * *
The gnoll closely misses you.
Unknown command.
Okay, then.
Okay, then.
As you read the scroll labelled IDUING ZAWNOU, it crumbles to dust.
It is a scroll of enchant weapon.
Your +0 dagger of flaming glows red for a moment.
The gnoll hits you but does no damage. x2; The gnoll closely misses you.
As you read the scroll labelled SUWOUMO CYFIG, it crumbles to dust.
It is a scroll of enchant armour.
Your +0 pair of boots glows green for a moment.
The gnoll closely misses you.
The gnoll hits you from afar with a +0 halberd!
You die...

≈≈≈≈~~≈≈≈≈≈≈≈≈≈≈≈≈≈≈≈≈≈~≈≈≈≈#
≈≈≈≈≈≈≈≈≈≈≈≈≈≈#####≈≈≈≈≈≈≈≈≈#
###############...#≈≈≈≈≈≈≈≈≈#
..............#...#≈≈≈≈≈≈≈≈≈#
).............#...#
..............##'##
...########......# ...#
#......# ...########)...)@#
.........)(...##)#
.........))(..#ggg
..............#$$$#
###############$$$# #####


You could see 3 gnolls.

Vanquished Creatures
  4 kobold brigands (D:3)
  8 gnolls (D:3)
  3 adders
  5 dart slugs
  7 endoplasms
  5 giant cockroaches
  8 hobgoblins
  40 kobolds
  2 quokkas (D:1)
  3 ball pythons
  3 bats
  2 frilled lizards (D:1)
  5 goblins
  7 rats
102 creatures vanquished.

Notes
Turn   | Place    | Note
-------+----------+-------------------------------------------
     0 | D:1      | ders the Gargoyle Earth Elementalist began the quest for
                  | the Orb.
     0 | D:1      | Reached XP level 1. HP: 10/10 MP: 3/3
   116 | D:1      | You fall into a shaft and drop 1 floor!
   163 | D:2      | Reached skill level 4 in Earth Magic
   163 | D:2      | Reached XP level 2. HP: 15/15 MP: 1/5
   375 | D:2      | Reached XP level 3. HP: 19/19 MP: 2/6
  1343 | D:1      | Reached XP level 4. HP: 24/24 MP: 6/8
  1722 | D:3      | Reached skill level 5 in Earth Magic
  1780 | D:3      | Learned a level 3 spell: Stone Arrow
  2049 | D:3      | Reached XP level 5. HP: 25/28 MP: 0/10
  2325 | D:3      | Noticed a kobold brigand
  2382 | D:3      | Killed a kobold brigand
  2383 | D:3      | Reached skill level 6 in Earth Magic
  2598 | D:3      | Noticed a kobold brigand
  2598 | D:3      | Noticed a kobold brigand
  2598 | D:3      | Noticed a kobold brigand
  2601 | D:3      | Reached XP level 6. HP: 32/32 MP: 7/12
  3065 | D:3      | Reached skill level 5 in Spellcasting
  3065 | D:3      | Reached skill level 7 in Earth Magic
  3065 | D:3      | Reached XP level 7. HP: 28/36 MP: 5/14
  3171 | D:3      | Mangled by a gnoll

Illustrated notes

Levels and vault maps discovered:
D:1:      onia_arrival_pyramid, layout_basic
D:2:      layout_rooms
D:3:      minmay_goblin_kobold_castle, layout_rooms

Skill      XL: |  1  2  3  4  5  6 |
---------------+-------------------+-----
Earth Magic    | 4 5 6 7 |  7.1
Spellcasting   | 3 4 5 |  5.0
Dodging        | |  1.5
Stealth        | |  2.1
Transmutations | |  0.7

Action                     |  1- 3 |  4- 6 |  7- 9 || total
---------------------------+-------+-------+-------++-------
  Melee: Dagger            |     6 |    12 |     1 ||    19
   Cast: Sandblast         |    52 |    88 |    10 ||   150
         Stone Arrow       |       |     7 |       ||     7
    Use: Potion            |       |     1 |       ||     1
         Scroll            |       |     1 |     2 ||     3
 Armour: Robe              |    10 |    42 |    10 ||    62
  Dodge: Dodged            |    16 |    72 |    11 ||    99

Table legend: (Time is in decaauts)
 A = Elapsed time spent in this place.
 B = Non-inter-level travel time spent in this place.
 C = Inter-level travel time spent in this place.
 D = Time resting spent in this place.
 E = Time spent auto-exploring this place.
 F = Levels seen in this place.
 G = Mean time per level.
                   A        B        C        D        E       F      G
               +--------+--------+--------+--------+--------+-----+--------+
         Total |   3245 |   3164 |     81 |    386 |   2189 |   3 | 1081.7 |
       Dungeon |   3245 |   3164 |     81 |    386 |   2189 |   3 | 1081.7 |
               +--------+--------+--------+--------+--------+-----+--------+

Top non-repeatable levels by time:
     D:3: 1581 daAuts
     D:2: 846 daAuts
     D:1: 817 daAuts
